 Dungeon Crawl Stone Soup version 0.29-a0-317-gd16b76e6b1 (webtiles) character file.

Game seed: 14561501475103446922

30 Ijustatesigmund the Sneak (level 3, -9/24 HPs)
             Began as a Gargoyle Delver on Mar 30, 2022.
             Mangled by a mummy (10 damage)
             ... in an ossuary.
             The game lasted 00:00:59 (212 turns).

Ijustatesigmund the Sneak (Gargoyle Delver)          Turns: 212, Time: 00:01:00

Health: -9/24      AC:  6    Str: 15    XL:     3   Next: 18%
Magic:  3/3        EV: 11    Int: 10    God:
Gold:   14         SH:  0    Dex: 13    Spells: 2/2 levels left

rFire   . . .      SeeInvis .   a - +0 mace
rCold   . . .      Faith    .   (no shield)
rNeg    + . .      Spirit   .   b - +0 leather armour
rPois   ∞          Reflect  .   (no helmet)
rElec   +          Harm     .   (no cloak)
rCorr   .          Rampage  .   (no gloves)
Will    .....                   (no boots)
Stlth   +++.......              (no amulet)
HPRegen 0.08/turn               (no ring)
MPRegen 0.08/turn               (no ring)

@: hasted, very quick
A: sickness immunity, AC +3, negative energy resistance 1, electricity
resistance, torment resistance 1, petrification resistance
a: no special abilities


You were in an ossuary.
You visited 1 branch of the dungeon, and saw 2 of its levels.
You also visited: Ossuary.

You collected 14 gold pieces.

Inventory:

Hand Weapons
 a - a +0 mace (weapon)
Armour
 b - a +0 leather armour (worn)
Wands
 g - a wand of digging (3)
Scrolls
 c - a scroll of fog
 e - a scroll of fear


   Skills:
 + Level 3.8 Fighting
 * Level 3.1 Maces & Flails
 - Level 1.5 Dodging
 - Level 5.4 Stealth


You had 2 spell levels left.
You didn't know any spells.
Your spell library was empty.

Dungeon Overview and Level Annotations

Branches:
Dungeon (5/15)             Temple (0/1) D:4         Ossuary (1/1)

Altars:


Innate Abilities, Weirdness & Mutations

You are immune to sickness and miasma.
Your stone body is resilient. (AC +3)
You are immune to poison.
You resist negative energy. (rN+)
You are resistant to electric shocks. (rElec)
You are resistant to unholy torment.
You are immune to petrification.


Message History

As you read the scroll labelled UMNANALL OQIEM, it crumbles to dust.
You hear a loud clanging noise!
It was a scroll of noise.
You hear an angry hiss.
You hear a shout! x5
You see here a +0 whip.
You open the door.
There is an open door here.
Found a sand-covered staircase.
There is a sand-covered staircase here.
The world spins around you as you enter the gateway.
You enter an ossuary!
Found a gate leading back out of this place.
There is an empty arch of ancient stone here.
HP restored.
You open the door. 2 mummies come into view.
A mummy comes into view. x2
There is an open door here.
The mummy completely misses you. The mummy barely misses you.
A mummy comes into view.
You hit the mummy.
The mummy is moderately damaged.
You barely miss the mummy.
The mummy is moderately damaged.
The mummy hits you! x2
Ouch! That really hurt!
* * * LOW HITPOINT WARNING * * *
You are too injured to fight recklessly!
You are too injured to fight recklessly!
You are too injured to fight recklessly!
You are too injured to fight recklessly!
You are too injured to fight recklessly!
You are too injured to fight recklessly!
You are too injured to fight recklessly!
You are too injured to fight recklessly!
You are too injured to fight recklessly!
You are too injured to fight recklessly!
Unknown command.
You feel yourself speed up. The mummy hits you!
You die...

#≈. +M≈
#.. #.#
'.+
#####.###
#∩..#MM.#
#.∩.'@#
#...#MM.#
#####≈###
≈≈' ≈≈##
P#P# #≈≈#
≈≈#


You could see 5 mummies.

Vanquished Creatures
  A jelly (D:5)
  A kobold (D:4)
2 creatures vanquished.

Vanquished Creatures (others)
  A withered plant (Ossuary)
1 creature vanquished.

Grand Total: 3 creatures vanquished

Notes
Turn   | Place    | Note
-------+----------+-------------------------------------------
     0 | D:5      | Ijustatesigmund the Gargoyle Delver began the quest for the
                  | Orb.
     0 | D:5      | Reached XP level 1. HP: 14/14 MP: 1/1
    31 | D:5      | Noticed a jelly
    38 | D:5      | Killed a jelly
    39 | D:5      | Reached XP level 2. HP: 12/20 MP: 2/2
    39 | D:5      | Reached XP level 3. HP: 14/24 MP: 3/3
   200 | D:4      | Found a sand-covered staircase.
   204 | Ossuary  | Entered an ossuary
   211 | Ossuary  | HP: 1/24 [mummy (14)]
   212 | Ossuary  | Mangled by a mummy

Illustrated notes

Levels and vault maps discovered:
D:4:      layout_basic, elyvilon_altar_5, minmay_temple_entry_stoned_glass,
          nicolae_ossuary_entry_plus, portal_sewer_entry_f, eino_curves_02,
          nicolae_inconvenience_store, minmay_misc_feat_plants,
          minmay_fountain_box, goddamned_bats
D:5:      nicolae_cairo_tiling_large, layout_basic, serial_co_window_serial,
          co_window_paths_a, co_window_paths_a, co_window_of_opportunity_a,
          co_window_corner_a, co_window_paths_a, co_window_paths_c,
          co_window_corner_cb, co_window_unsneaky_path_b, co_window_paths_d,
          glass_columns_c, glass_columns_b
Ossuary:  ossuary_zaba_flooded

Skill      XL: |  1 |
---------------+----+-----
Maces & Flails | 3 |  3.1
Fighting       | |  3.8
Dodging        | |  1.5
Stealth        | |  5.4

Action                   || total
-------------------------++-------
Melee: Mace              ||     6
  Use: Scroll            ||     2
       Potion            ||     1
Armor: Leather armour    ||     2
Dodge: Dodged            ||     3

Table legend: (Time is in decaauts)
 A = Elapsed time spent in this place.
 B = Non-inter-level travel time spent in this place.
 C = Inter-level travel time spent in this place.
 D = Time resting spent in this place.
 E = Time spent auto-exploring this place.
 F = Levels seen in this place.
 G = Mean time per level.
                   A        B        C        D        E       F      G
               +--------+--------+--------+--------+--------+-----+--------+
         Total |    213 |    213 |      0 |    117 |     48 |   3 |   71.0 |
       Dungeon |    204 |    204 |      0 |    117 |     46 |   2 |  102.0 |
       Ossuary |      8 |      8 |      0 |      0 |      2 |   1 |    8.0 |
               +--------+--------+--------+--------+--------+-----+--------+

Top non-repeatable levels by time:
     D:5: 180 daAuts
     D:4: 24 daAuts
 Ossuary: 8 daAuts
